Map: Neon Violet Square LE

Players

oligrim

  • Race: Zerg Zerg
  • League: Gold
  • Spawn Location: 11:00

Kozzy - Winner!

  • Race: Protoss Protoss
  • League: Gold
  • Spawn Location: 5:00

VOD

Have the link to the VOD?

Description

Time

  • Played on: April 1, 2018, 11:45 p.m.
  • Length: 7:10
Show
View Real Time Build Order
Export as new Build Order

oligrim Zerg 

Build Orders: Pool First 

Get SALT Encoding   

  12  0:02  Drone  
  13  0:09  Drone  
  14  0:23  Extractor  
  14  0:24  Drone  
  14  0:33  Spawning Pool  
  13  0:41  Overlord  
  13  0:45  Drone  
  14  1:00  Drone  
  15  1:19  Hatchery  
  14  1:28  Metabolic Boost  
  14  1:41  Queen  
  16  1:50  Zergling x2  
  16  1:51  Zergling x2  
  16  1:53  Zergling x2  
  19  2:02  Zergling x2  
  20  2:12  Drone  
  21  2:26  Drone  
  22  2:38  Zergling x2  
  22  2:41  Zergling x2  
  23  2:53  Zergling x4  
  23  2:54  Zergling x6  
  25  3:05  Drone  
  26  3:15  Zergling x4  
  28  3:23  Overlord x2  
  28  3:31  Baneling Nest  
  27  3:34  Drone  
  27  3:38  Overlord  
  28  3:53  Drone  
  29  3:56  Drone x2  
  29  3:57  Drone x3  
  29  3:59  Overlord  
  29  4:02  Overlord  
  34  4:16  Drone  
  35  4:19  Drone x3  
  35  4:22  Lair  
  35  4:23  Extractor  
  37  4:25  Evolution Chamber  
  37  4:26  Baneling x2  
  36  4:31  Baneling  
  36  4:37  Drone  
  36  4:38  Drone  
  38  4:43  Baneling  
  37  4:47  Queen  
  37  4:49  Drone  
  34  5:20  Drone x3  
  37  5:35  Hatchery  
  36  5:37  Roach Warren  
  36  5:41  Drone  
  36  5:43  Drone  
  35  5:51  Zergling x10  
  35  5:52  Zergling x4  
  35  5:53  Spine Crawler x2  
  35  5:56  Overlord  
  40  6:00  Zergling x2  
  40  6:01  Zergling x2  
  40  6:03  Zergling x2  
  43  6:05  Zergling x2  
  43  6:10  Zergling x4  
  46  6:15  Drone x2  
  46  6:17  Zergling x2  
  47  6:31  Zergling x8  
  47  6:32  Overlord, Zergling x2  
Show
View Real Time Build Order
Export as new Build Order

Kozzy Protoss - Winner!

Build Orders:  

Get SALT Encoding   

  12  0:01  Probe  
  13  0:13  Probe  
  14  0:18  Pylon  
  14  0:27  Probe  
  15  0:39  Probe  
  16  0:43  Gateway  
  16  0:47  Assimilator  
  16  0:51  Probe  
  17  1:03  Probe  
  18  1:15  Probe  
  19  1:28  Probe  
  19  1:30  Cybernetics Core  
  19  1:31  Zealot  
  22  1:35  Pylon  
  22  1:40  Probe  
  22  1:43  Assimilator  
  23  1:53  Probe  
  23  1:54  Pylon  
  24  2:05  Probe, Stalker (Chrono Boost)  
  27  2:14  Forge  
  27  2:17  Warp Gate  
  28  2:29  Pylon  
  27  2:36  Gateway  
  27  2:40  Pylon  
  27  2:41  Protoss Ground Weapons Level 1 (Chrono Boost)  
  27  3:00  Shield Battery  
  27  3:02  Zealot (Chrono Boost)  
  27  3:10  Probe  
  28  3:15  Gateway  
  28  3:21  Zealot  
  30  3:32  Stalker  
  32  3:36  Gateway  
  32  3:48  Twilight Council  
  32  4:20  Charge (Chrono Boost)  
  32  4:29  Zealot x3  
  38  4:41  Photon Cannon, Zealot  
  40  4:46  Pylon  
  40  4:49  Pylon  
  40  4:52  Pylon  
  40  5:00  Pylon  
  40  5:02  Zealot x3  
  40  5:03  Zealot  
  48  5:27  Shield Battery  
  48  5:30  Zealot  
  48  5:31  Zealot x3  
  56  5:52  Zealot x3  
  56  5:53  Zealot  
  64  6:14  Stalker x3  
Tags
 
Add a new tag
Caveats
  • Supply blocks, unpowered buildings, or Contaminate may cause inaccurate times.
  • Supply counts are checked every 10 seconds.